 Dungeon Crawl Stone Soup version 0.31-a0-1626-g5cb510d322 (webtiles) character file.

Game seed: 5064115186331327411

534 Laraso the Magician (level 7, 41/50 HPs)
             Began as a Yellow Draconian Fire Elementalist on Jan 12, 2024.
             Quit the game on level 3 of the Dungeon.
             The game lasted 00:06:21 (3736 turns).

Laraso the Magician (DrFE)                          Turns: 3736, Time: 00:06:21

Health: 41/50      AC:  7    Str: 16    XL:     7   Next: 4%
Magic:  4/17       EV: 12    Int: 17    God:
Gold:   133        SH:  0    Dex: 12    Spells: 17/20 levels left

rFire   . . .        r - +0 spear (venom)
rCold   . . .        (no shield)
rNeg    . . .        (body armour unavailable)
rPois   .            q - +0 hat
rElec   .            (no cloak)
rCorr   +            l - +0 pair of gloves
SInv    +            (no boots)
Will    .....        (no amulet)
Stlth   ++           c - +6 ring of strength
HPRegen 0.28/turn    i - ring of see invisible
MPRegen 0.15/turn

%: no passive effects
@: no status effects
A: spit acid, AC +6, unfitting armour, cold-blooded, acid resistance
a: Breathe Acid


You were on level 3 of the Dungeon.
You visited 1 branch of the dungeon, and saw 3 of its levels.
You also visited: Sewer.

You collected 133 gold pieces.

Inventory:

Hand Weapons
 r - a +0 spear of venom (weapon)
Armour
 l - a +0 pair of gloves (worn)
 q - a +0 hat (worn)
Jewellery
 c - a +6 ring of strength (left hand)
 i - a ring of see invisible (right hand)
Scrolls
 d - a scroll of brand weapon
 e - 2 scrolls of noise
 j - a scroll of enchant weapon {unknown}
 m - a scroll of blinking {unknown}
 o - a scroll of fog {unknown}
 p - 2 scrolls of teleportation {unknown}
Potions
 a - a potion of magic
 b - 3 potions of haste {unknown}
 f - a potion of might {unknown}
 g - 2 potions of attraction
 h - 2 potions of curing
 k - 2 potions of degeneration {unknown}
 n - a potion of berserk rage {unknown}
 s - a potion of invisibility {unknown}
 t - a potion of mutation {unknown}
 u - a potion of brilliance {unknown}
 v - a potion of cancellation {unknown}
 w - a potion of ambrosia {unknown}
 x - a potion of heal wounds {unknown}
 z - a potion of enlightenment


   Skills:
 - Level 1.7 Dodging
 - Level 1.7 Stealth
 * Level 7.1 Spellcasting
 - Level 1.0 Conjurations
 - Level 3.0 Fire Magic


You had 17 spell levels left.
You knew the following spells:

 Your Spells              Type           Power      Damage    Failure   Level
a - Foxfire               Conj/Fire      48%        2x1d6     4%          1
b - Scorch                Fire           32%        2d6       4%          2

Your spell library contained the following spells:

 Spells                   Type           Power      Damage    Failure   Level
 Inner Flame              Hex/Fire       11%        N/A       19%         3
 Volatile Blastmotes      Fire/Tloc      22%        2d11      19%         3
 Flame Wave               Conj/Fire      12%        2d6       45%         4


Dungeon Overview and Level Annotations

Branches:
Dungeon (3/15)              Sewer (visited)

Altars:
Qazlal


Innate Abilities, Weirdness & Mutations

You can spit globs of acid.
Your golden yellow scales are hard. (AC +6)
You cannot fit into any form of body armour.
You are cold-blooded and may be slowed by cold attacks.
You are resistant to acid. (rCorr)


Message History

You kill the orc!
Press: ? - help, v - describe, . - travel, g - get item
Here: an orc, wielding a +3 whip and wearing a +0 chain mail
Items here: a +0 flail; a +0 dagger; a +0 leather armour.
The floor.
The orc attacks as it pursues you! The orc closely misses you.
The orc attacks as it pursues you! The orc misses you.
The orc attacks as it pursues you! The orc hits you with a +0 flail.
You hit the orc.
The orc is poisoned.
The orc is heavily wounded.
The orc misses you.
You closely miss the orc.
The orc is heavily wounded.
You hit the orc but do no damage.
The orc looks as sick as possible!
You tail-slap the orc, but do no damage.
The orc is heavily wounded.
You kill the orc!
Flames lash the orc.
The orc is heavily wounded.
The orc's fire resistance burns away.
Flames lash the orc wizard but do no damage.
The orc wizard barely misses you.
Flames lash the orc wizard.
The orc wizard is moderately wounded.
The orc wizard's fire resistance burns away.
The orc wizard misses you.
Flames lash the orc.
The orc is burned terribly!
You kill the orc!
The orc wizard gestures at you while chanting.
You resist with some effort.
Flames lash the orc wizard.
The orc wizard is burned terribly!
The orc wizard is heavily wounded.
The orc wizard closely misses you.
Flames lash the orc wizard.
The orc wizard is burned terribly!
You kill the orc wizard!
You have reached level 7!
Your scales start taking on a golden yellow colour.
You can spit globs of acid.
You feel resistant to acid.
Are you sure you want to abandon this character and quit the game? (Confirm with "yes".)

#...)####..##~~#~~## #.#
#..........#~##~##~# #.# .#
...#.##....##~~#~~## #.# ..#
.#.#.##.#..#~#~#~#~# ##.####..##
##.#.......#~#~#~#~# .........
...#.##.############ #.##.#.#
##.................# #.#....#
...#.##.#####.##.### #......###
.....##.......##@######........#
#..#.##.........)))...)......##
#....##..#################.###
.##.........# #.# #.#..###.####
#....oo. ###.....†# ######.#
.....###.# ..##.# #.# ####.# #.#


There were no monsters in sight!

Vanquished Creatures
  Grinder (Sewer)
  A kobold brigand (Sewer)
  2 quasits (Sewer)
  An orc wizard (D:3)
  3 gnolls (D:2)
  An adder (D:2)
  2 shadow imps (Sewer)
  An ufetubus (Sewer)
  An adder zombie (Sewer)
  4 ribbon worms (D:2)
  A dart slug (D:3)
  4 orcs (D:3)
  9 bats
  A bat zombie (Sewer)
  7 endoplasms
  7 giant cockroaches
  4 goblins
  7 hobgoblins
  10 jackals (D:1)
  2 quokkas
  9 ball pythons
  7 frilled lizards
  14 kobolds
  A kobold zombie (Sewer)
  9 rats
109 creatures vanquished.

Vanquished Creatures (others)
  A giant cockroach zombie (Sewer)
  59 foxfires
60 creatures vanquished.

Grand Total: 169 creatures vanquished

Notes
Turn   | Place    | Note
-------+----------+-------------------------------------------
     0 | D:1      | Laraso the Draconian Fire Elementalist began the quest for
                  | the Orb.
     0 | D:1      | Reached XP level 1. HP: 14/14 MP: 3/3
   143 | D:1      | Reached XP level 2. HP: 16/20 MP: 0/5
   195 | D:1      | Learned a level 2 spell: Scorch
   427 | D:1      | Reached skill level 3 in Spellcasting
   691 | D:1      | Reached XP level 3. HP: 26/26 MP: 7/7
  1557 | D:2      | Reached skill level 4 in Spellcasting
  1557 | D:2      | Reached XP level 4. HP: 27/33 MP: 1/10
  2520 | D:3      | Found a glowing drain.
  2556 | D:3      | Found a stormy altar of Qazlal.
  2600 | Sewer    | Entered a sewer
  2797 | Sewer    | Reached XP level 5. HP: 38/38 MP: 7/12
  2857 | Sewer    | Found a burning altar of Makhleb.
  2947 | Sewer    | Reached skill level 5 in Spellcasting
  3266 | Sewer    | Noticed Grinder
  3283 | Sewer    | Paralysed by Grinder for 5 turns
  3291 | Sewer    | Killed Grinder
  3292 | Sewer    | Reached skill level 6 in Spellcasting
  3292 | Sewer    | Reached XP level 6. HP: 19/45 MP: 1/15
  3572 | D:3      | Reached skill level 7 in Spellcasting
  3736 | D:3      | Your scales start taking on a golden yellow colour.
  3736 | D:3      | Reached XP level 7. HP: 41/50 MP: 4/17
  3736 | D:3      | Gained mutation: You are resistant to acid. (rCorr) [Yellow
                  | Draconian growth]
  3736 | D:3      | Quit the game

Illustrated notes

Levels and vault maps discovered:
D:1:      eino_arrival_cavern_e, layout_loops_corners
D:2:      layout_basic, minmay_circle_x
D:3:      layout_basic, lemuel_coloured_pillars_altar,
          mainiacjoe_sewer_entry_somewhere_in_here_2,
          hellmonk_ecumenical_altar_defaced_shrine, roderic_lattice_a,
          minmay_vboxes

Skill      XL: |  1  2  3  4  5  6 |
---------------+-------------------+-----
Spellcasting   | 3 4 6 7 |  7.1
Dodging        | |  1.7
Stealth        | |  1.7
Conjurations   | |  1.0
Fire Magic     | |  3.0

Action                     |  1- 3 |  4- 6 |  7- 9 || total
---------------------------+-------+-------+-------++-------
  Melee: Dagger            |    18 |       |       ||    18
         Tailslap          |     7 |    17 |       ||    24
         Short sword       |    60 |       |       ||    60
         Spear             |       |   113 |       ||   113
         Halberd           |       |    13 |       ||    13
   Cast: Foxfire           |    14 |    20 |       ||    34
         Scorch            |    19 |    55 |       ||    74
    Use: Scroll            |     2 |     4 |       ||     6
         Potion            |       |     2 |       ||     2
   Stab: Sleeping          |     4 |     2 |       ||     6
         Distracted        |       |     1 |       ||     1
 Armour: Skin              |    61 |   113 |       ||   174
  Dodge: Dodged            |    87 |   134 |       ||   221

Table legend: (Time is in decaauts)
 A = Elapsed time spent in this place.
 B = Non-inter-level travel time spent in this place.
 C = Inter-level travel time spent in this place.
 D = Time resting spent in this place.
 E = Time spent auto-exploring this place.
 F = Levels seen in this place.
 G = Mean time per level.
                   A        B        C        D        E       F      G
               +--------+--------+--------+--------+--------+-----+--------+
         Total |   3781 |   3642 |    139 |   1101 |   1613 |   4 |  945.2 |
       Dungeon |   2827 |   2688 |    139 |    572 |   1455 |   3 |  942.3 |
         Sewer |    953 |    953 |      0 |    529 |    158 |   1 |  953.0 |
               +--------+--------+--------+--------+--------+-----+--------+

Top non-repeatable levels by time:
     D:1: 1472 daAuts
     D:2: 1001 daAuts
   Sewer: 953 daAuts
     D:3: 353 daAuts
